[Event "ICC tourney 2668 (40 10)"]
[Site "Internet Chess Club"]
[Date "2021.09.11"]
[Round "2"]
[White "WU, WINSTON:K01-30022609"]
[Black "GOLI, SRIMAN:awakeflood"]
[Result "0-1"]
[ICCResult "White checkmated"]
[WhiteElo "1336"]
[BlackElo "1757"]
[Opening "French: Tarrasch, closed variation"]
[ECO "C05"]
[NIC "FR.14"]
[Time "13:15:54"]
[TimeControl "2400+10"]

1. e4 e6 2. d4 d5 3. Nd2 Nf6 4. exd5 exd5 5. Ngf3 Bd6 6. c4 c6 7. Be2 O-O 8.
O-O h6 9. b3 Ne4 10. Nxe4 dxe4 11. Nd2 f5 12. h3 Bc7 13. Ba3 Rf7 14. c5 Be6
15. Nc4 f4 16. f3 e3 17. Ne5 Bxe5 18. dxe5 Qg5 19. Kh2 Nd7 20. Qd6 Qg3+ 21.
Kh1 Bxh3 22. gxh3 Qxh3+ 23. Kg1 Rf5 24. Qxd7 Qg3+ 25. Kh1 Rh5+ 26. Qh3 Rxh3#
{White checkmated}
0-1

[Event "ICC tourney 2668 (40 10)"]
[Site "Internet Chess Club"]
[Date "2021.09.11"]
[Round "2"]
[White "ANDRADE, LUIS:Landrade"]
[Black "OPASKA, MICHAEL:mopaska1106"]
[Result "1-0"]
[ICCResult "Black resigns"]
[WhiteElo "1066"]
[BlackElo "1881"]
[Opening "Queen's pawn game"]
[ECO "D04"]
[NIC "QP.08"]
[Time "13:15:47"]
[TimeControl "2400+10"]

1. d4 d5 2. Nf3 Nf6 3. e3 g6 4. Bd3 Bg7 5. O-O O-O 6. Nbd2 b6 7. b3 Bb7 8.
Bb2 Nbd7 9. Rc1 c5 10. c4 dxc4 11. Nxc4 cxd4 12. exd4 Nd5 13. Re1 N7f6 14.
Nce5 Rc8 15. Qd2 a6 16. Ng5 b5 17. g3 b4 18. Qe2 a5 19. Nexf7 Nf4 20. gxf4
Qd5 21. f3 Rxc1 22. Rxc1 Rxf7 23. Bc4 {Black resigns} 1-0

[Event "ICC tourney 2668 (40 10)"]
[Site "Internet Chess Club"]
[Date "2021.09.11"]
[Round "2"]
[White "Mason, Mike W:MikeWMason"]
[Black "Lin, James:MeLikeGame"]
[Result "1-0"]
[ICCResult "Black checkmated"]
[WhiteElo "1598"]
[BlackElo "1203"]
[Opening "two knights: Max Lange attack"]
[ECO "C55"]
[NIC "KP.02"]
[Time "13:15:23"]
[TimeControl "2400+10"]

1. e4 e5 2. Nf3 Nc6 3. Bc4 Nf6 4. d4 exd4 5. O-O Bc5 6. e5 d5 7. exf6 dxc4
8. Re1+ Kf8 9. Bg5 g6 10. Bh6+ Kg8 11. Nbd2 Be6 12. Bg7 Bg4 13. Qe2 d3 14.
Qe4 Bf5 15. Qxc4 Bb6 16. Ng5 Qd7 17. Bxh8 Na5 18. Qh4 h5 19. Re7 Qb5 20.
Rxf7 Qxb2 21. Rg7+ Kf8 22. Nh7+ Ke8 23. Re1+ Kd8 24. f7+ Kd7 25. f8=Q+ Kc6
26. Qa4+ Kd5 27. c4+ Kd4 28. Rd7# {Black checkmated} 1-0

[Event "ICC tourney 2668 (40 10)"]
[Site "Internet Chess Club"]
[Date "2021.09.11"]
[Round "2"]
[White "MUNAGANURI, VAMSI:TacticalVM"]
[Black "wang, William Kaiyuan:williamw601"]
[Result "0-1"]
[ICCResult "White checkmated"]
[WhiteElo "1597"]
[BlackElo "1297"]
[Opening "Ruy Lopez: classical (Cordel) defense"]
[ECO "C64"]
[NIC "RL.01"]
[Time "13:16:18"]
[TimeControl "2400+10"]

1. e4 e5 2. Nf3 Nc6 3. Bb5 Bc5 4. O-O d6 5. c3 Bb6 6. h3 Ne7 7. d4 Bd7 8.
Re1 a6 9. Ba4 O-O 10. Bb3 Kh8 11. dxe5 dxe5 12. Ng5 Be8 13. Qh5 h6 14. Nxf7+
Bxf7 15. Bxf7 Qd6 16. Rf1 Qf6 17. Bc4 Ng6 18. Bxh6 Qh4 19. Qxh4 Nxh4 20. Bg5
Ng6 21. Nd2 Nf4 22. Bxf4 Rxf4 23. g3 Rf6 24. Kg2 Raf8 25. f3 Be3 26. Nb3 Kh7
27. Rae1 Bb6 28. g4 Ne7 29. h4 Ng6 30. h5 Nh4+ 31. Kg3 Nxf3 32. Be2 Nxe1 33.
Rf5 Rxf5 34. exf5 Nc2 35. g5 Ne3 36. Bd3 Nxf5+ 37. Kg4 g6 38. h6 Nxh6+ 39.
gxh6 Kxh6 40. Nd2 Be3 41. Nf3 Rf4+ 42. Kg3 e4 43. Ne5 exd3 44. Nxd3 Rf7 45.
Ne5 Re7 46. Ng4+ Kg5 47. Kf3 Bf4 48. Nf2 Re3+ 49. Kg2 Kh4 50. Kf1 Kg3 51.
Nh1+ Kf3 52. Nf2 Bg3 53. Nd3 Rxd3 54. Kg1 Rd1# {White checkmated} 0-1

[Event "ICC tourney 2668 (40 10)"]
[Site "Internet Chess Club"]
[Date "2021.09.11"]
[Round "2"]
[White "Doan Giang, Nguyen Doan:Doctorstrange04"]
[Black "JAMMALAMADAKA, VIHAAN:smashattack"]
[Result "1-0"]
[ICCResult "Black resigns"]
[WhiteElo "1750"]
[BlackElo "1500"]
[Opening "Sicilian: closed"]
[ECO "B23"]
[NIC "SI.44"]
[Time "13:15:33"]
[TimeControl "2400+10"]

1. e4 c5 2. Nc3 e6 3. f4 d5 4. Nf3 Nc6 5. Bb5 Ne7 6. O-O a6 7. Bxc6+ Nxc6 8.
d3 Be7 9. Qe1 O-O 10. a3 b5 11. Qf2 Bb7 12. Bd2 Rc8 13. Rae1 Nd4 14. Bc1
dxe4 15. Nxe4 Nxf3+ 16. Qxf3 Bd5 17. f5 exf5 18. Qxf5 Rc6 19. Ng5 Rg6 20.
Rxe7 Qxe7 21. Qxd5 h6 22. Ne4 Rc8 23. Be3 c4 24. Bc5 Qe6 25. Qf5 cxd3 26.
cxd3 Rd8 27. d4 Rd5 28. Qxe6 Rxe6 29. Nc3 Rg5 30. d5 Reg6 31. g3 h5 32. Kg2
h4 33. Rf3 hxg3 34. hxg3 Rh5 35. Rd3 Rc6 36. dxc6 Rxc5 37. Rd6 Kf8 38. Nd5
Rc2+ 39. Kf3 {Black resigns} 1-0

[Event "ICC tourney 2668 (40 10)"]
[Site "Internet Chess Club"]
[Date "2021.09.11"]
[Round "2"]
[White "BASKARRAJ, SAMUEL G:SamLightning"]
[Black "TREUSDELL, ROSS G:IveDoneEnough"]
[Result "0-1"]
[ICCResult "White forfeits on time"]
[WhiteElo "1578"]
[BlackElo "1730"]
[Opening "Trompowsky attack (Ruth, Opocenský opening)"]
[ECO "A45"]
[NIC "QP.07"]
[Time "13:15:40"]
[TimeControl "2400+10"]

1. d4 Nf6 2. Bg5 c5 3. Bxf6 exf6 4. d5 d6 5. e4 g6 6. Ne2 Bg7 7. Nec3 O-O 8.
f3 f5 9. Be2 a6 10. a4 fxe4 11. fxe4 Nd7 12. O-O Ne5 13. Nd2 Bd7 14. Qe1 Rb8
15. a5 b5 16. axb6 Qxb6 17. Ra2 Bb5 18. Kh1 Qd8 19. Nd1 Qg5 20. c4 Bd7 21.
Rxa6 Ng4 22. Rxd6 Nxh2 23. Rxd7 Nxf1 24. Nxf1 Qh6+ 25. Kg1 Bd4+ 26. Nf2 Rxb2
27. d6 Rfb8 28. Rc7 Rb1 29. Bd1 Qf4 30. Qe2 Qxd6 31. Ra7 Rxd1 32. e5 Bxf2+
{White forfeits on time}
0-1

[Event "ICC tourney 2668 (40 10)"]
[Site "Internet Chess Club"]
[Date "2021.09.11"]
[Round "2"]
[White "JIANG, JASON:JasonJiang10"]
[Black "WANG, KEVIN:Deepbrainfinal"]
[Result "1/2-1/2"]
[ICCResult "Game drawn by mutual agreement"]
[WhiteElo "1724"]
[BlackElo "1490"]
[Opening "English: symmetrical variation"]
[ECO "A36"]
[NIC "EO.64"]
[Time "13:15:36"]
[TimeControl "2400+10"]

1. c4 c5 2. Nc3 Nc6 3. g3 b6 4. Bg2 Bb7 5. Nf3 Nd4 6. O-O Nxf3+ 7. exf3 Nf6
8. d4 e6 9. d5 exd5 10. Nxd5 Nxd5 11. cxd5 d6 12. Bh3 Bc8 13. Re1+ Be7 14.
Bxc8 Qxc8 15. Bg5 f6 16. Bf4 Qd7 17. Qd3 O-O 18. Re6 Rfe8 19. Rae1 Bf8 20.
Qf5 Rac8 21. Qe4 Rxe6 22. dxe6 Qe7 23. Qd5 Rd8 24. Bd2 Kh8 25. f4 Rb8 26. f5
Qb7 27. Qd3 Be7 28. Bf4 Rd8 29. a4 d5 30. b3 a6 {Game drawn by mutual
agreement} 1/2-1/2

[Event "ICC tourney 2668 (40 10)"]
[Site "Internet Chess Club"]
[Date "2021.09.11"]
[Round "2"]
[White "KRISHNAN, ASHVATH:ashvathk5"]
[Black "TANG, VINCENT:VincentT2008"]
[Result "1/2-1/2"]
[ICCResult "Game drawn by repetition"]
[WhiteElo "1366"]
[BlackElo "1599"]
[Opening "Ruy Lopez: Anderssen variation"]
[ECO "C77"]
[NIC "RL.12"]
[Time "13:15:38"]
[TimeControl "2400+10"]

1. e4 e5 2. Nf3 Nc6 3. Bb5 a6 4. Ba4 Nf6 5. d3 b5 6. Bb3 Be7 7. c3 d6 8. O-O
O-O 9. Nbd2 Na5 10. Bc2 c5 11. Re1 Qc7 12. Nf1 Re8 13. Ng3 Bd7 14. Bg5 h6
15. Be3 Nc6 16. a4 d5 17. Bd2 dxe4 18. dxe4 c4 19. Nh4 Rad8 20. Nhf5 Bxf5
21. Nxf5 Bf8 22. Qe2 Kh7 23. Rad1 g6 24. Ng3 Bc5 25. Qf3 Re6 26. h4 h5 27.
Bg5 Rxd1 28. Rxd1 Ng4 29. Rf1 b4 30. Bd1 Be7 31. Qe2 Bxg5 32. hxg5 f6 33.
Qxc4 Qd7 34. Bxg4 hxg4 35. cxb4 fxg5 36. Rc1 Kh6 37. Qd5 Rd6 38. Qg8 Qg7 39.
Qxg7+ Kxg7 40. b5 axb5 41. axb5 Nd4 42. Rc5 Kf6 43. Kf1 Rb6 44. Ne2 Rxb5 45.
Rxb5 Nxb5 46. Nc3 Nd4 47. Ke1 Ke6 48. Kd2 g3 49. fxg3 Kd6 50. g4 Ne6 51. g3
Kc5 52. Ke3 Kc4 53. Ne2 Kb3 54. Ng1 Nd4 55. Nh3 Ne6 56. Kd3 Nc5+ 57. Ke3 Ne6
58. Nf2 Nd8 59. Nd3 Nf7 60. Nc5+ Kxb2 61. Kd3 Kc1 62. Nd7 Kd1 63. Ke3 Kc2
64. Nf8 Nh8 65. Nh7 Nf7 66. Nf8 Nh8 67. Ne6 Nf7 68. Nf8 Nh8 69. Ne6 Nf7 70.
Nf8 Nh8 71. Ne6 {Game drawn by repetition} 1/2-1/2

[Event "ICC tourney 2668 (40 10)"]
[Site "Internet Chess Club"]
[Date "2021.09.11"]
[Round "2"]
[White "VIDENA, DANIEL TUAPEN:Davide25"]
[Black "SULTAN, BASHIR Cisse:muzikmixer"]
[Result "1-0"]
[ICCResult "Black resigns"]
[WhiteElo "1453"]
[BlackElo "1581"]
[Opening "Old Indian defense"]
[ECO "A42"]
[NIC "OI.07"]
[Time "13:15:28"]
[TimeControl "2400+10"]

1. d4 d6 2. c4 e5 3. e3 Nc6 4. Nc3 g6 5. Nf3 Bg7 6. h3 Nh6 7. Be2 O-O 8. O-O
Nf5 9. d5 Nb4 10. a3 Na6 11. Qc2 Nc5 12. b4 e4 13. Nd2 Nd3 14. Bxd3 exd3 15.
Qxd3 Nh4 16. e4 Qg5 17. g3 Bxh3 18. Rd1 Qg4 19. Bb2 Bg2 20. f4 Bf3 21. Kf2
Qh3 22. gxh4 Qg2+ 23. Ke3 Bxe4 24. Ndxe4 Qxb2 25. Ra2 Bxc3 26. Rxb2 Bxb2 27.
Kf3 Bg7 28. Rg1 Rae8 29. h5 Re7 30. hxg6 fxg6 31. Ng5 {Black resigns} 1-0

[Event "ICC tourney 2668 (40 10)"]
[Site "Internet Chess Club"]
[Date "2021.09.11"]
[Round "2"]
[White "RAMASWAMY, PUDUR:clair"]
[Black "CAO, RAY:rcww2020"]
[Result "0-1"]
[ICCResult "White resigns"]
[WhiteElo "1537"]
[BlackElo "1634"]
[Opening "Queen's pawn: London system"]
[ECO "A45"]
[NIC "QP.07"]
[Time "13:15:30"]
[TimeControl "2400+10"]

1. d4 Nf6 2. Bf4 d6 3. Nc3 g6 4. e4 Nbd7 5. Qd2 e5 6. dxe5 dxe5 7. Be3 Bg7
8. f3 O-O 9. O-O-O Qe7 10. Bh6 Nb6 11. h4 Be6 12. Bxg7 Kxg7 13. Qg5 h6 14.
Qxe5 Rfe8 15. g4 Bc4 16. Qxe7 Rxe7 17. Bxc4 Nxc4 18. Nge2 c6 19. Rd3 Ne5 20.
Re3 Nc4 21. Rd3 Ne5 22. Re3 Rd8 23. Rd1 Rxd1+ 24. Nxd1 Rd7 25. b3 c5 26. Nb2
b6 27. g5 Nh5 28. f4 Nc6 29. Rd3 Re7 30. e5 hxg5 31. hxg5 Nb4 32. Rd6 Nxa2+
33. Kd2 Nb4 34. c3 Na6 35. Nd1 Nc7 36. Ne3 Kf8 37. Rd8+ Re8 38. Rxe8+ Kxe8
39. Kd3 Ng7 40. Kc4 Nge6 41. Kd3 Kd7 42. Ng4 Ke7 43. Nf6 b5 44. Ke4 a5 45.
Kd3 Nf8 46. Ne4 Nfe6 47. Nd6 Nd8 48. Kd2 Kd7 49. Ke3 Kc6 50. Nc1 Nd5+ 51.
Kd2 Nxf4 52. c4 bxc4 53. bxc4 Nfe6 54. Nb3 a4 55. Na5+ Kb6 56. Ne4 Kxa5 57.
Kc3 Nc6 58. Kb2 Nxe5 {White resigns} 0-1

[Event "ICC tourney 2668 (40 10)"]
[Site "Internet Chess Club"]
[Date "2021.09.11"]
[Round "2"]
[White "RAJANISH, ABHINAV:Knightboy123"]
[Black "PUPPALLA, PRANAY:checkmate1823"]
[Result "1-0"]
[ICCResult "Black checkmated"]
[WhiteElo "1495"]
[BlackElo "1597"]
[Opening "Grünfeld: exchange variation"]
[ECO "D85"]
[NIC "GI.04"]
[Time "13:15:29"]
[TimeControl "2400+10"]

1. d4 Nf6 2. c4 g6 3. Nc3 d5 4. cxd5 Nxd5 5. e4 Nxc3 6. bxc3 Bg7 7. Be3 c5
8. Nf3 Nc6 9. h3 Qa5 10. Qd2 b6 11. Bc4 Bb7 12. Bd5 e6 13. Bxc6+ Bxc6 14.
Qc2 Bb5 15. Bd2 Qa6 16. Rc1 Bd3 17. Qb3 Bxe4 18. dxc5 Bxf3 19. gxf3 bxc5 20.
c4 O-O 21. Bc3 Rfb8 22. Qd1 Bxc3+ 23. Rxc3 Qa5 24. Qc2 Rb7 25. O-O Rab8 26.
Re3 Rb2 27. Qe4 Qxa2 28. Qf4 Rb1 29. Kg2 R8b4 30. Rd3 Qa1 31. Rd7 f5 32.
Rd8+ Kg7 33. Rd7+ Kg8 34. Rd8+ Kf7 35. Qc7+ Kf6 36. Rf8+ Kg5 37. Qe7+ Kh5
38. Qxh7+ Kg5 39. h4+ Kf4 40. Qh6+ Ke5 41. Qg7+ Kf4 42. Qxa1 Rxa1 43. Rxa1
Rb3 44. Rxa7 Rxf3 45. Rc7 e5 46. Rxc5 e4 47. Rd5 Rc3 48. c5 Rc2 49. Re8 Re2
50. c6 e3 51. Rxe3 Rxe3 52. fxe3+ Kxe3 53. c7 f4 54. c8=Q f3+ 55. Kf1 f2 56.
Qe8+ Kf3 57. Qe2+ Kg3 58. Qxf2+ Kh3 59. Qf3+ Kh2 60. Rd2# {Black checkmated}
1-0

[Event "ICC tourney 2668 (40 10)"]
[Site "Internet Chess Club"]
[Date "2021.09.11"]
[Round "2"]
[White "Montanari, Laura:oceana88"]
[Black "MOSS, MARVIN:mmoss2932"]
[Result "0-1"]
[ICCResult "White forfeits on time"]
[WhiteElo "1650"]
[BlackElo "1553"]
[Opening "French: classical, Pollock variation"]
[ECO "C14"]
[NIC "FR.06"]
[Time "13:15:33"]
[TimeControl "2400+10"]

1. e4 e6 2. d4 d5 3. Nc3 Nf6 4. Bg5 Be7 5. e5 Nfd7 6. Bxe7 Qxe7 7. Qg4 O-O
8. Bd3 c5 9. Nb5 Nc6 10. c3 a6 11. Nd6 f5 12. Qh3 cxd4 13. cxd4 Nxd4 14. f4
Nc5 15. Rc1 Nxd3+ 16. Qxd3 Nc6 17. Ne2 Rb8 18. Qb3 Bd7 19. Qb6 Be8 20. O-O
Bh5 21. Ng3 Be8 22. Rf3 Qd8 23. Rb3 g5 24. fxg5 Qxg5 25. Re1 Qd2 26. Kf1
Qf4+ 27. Rf3 Qb4 28. Qc7 Qa5 {White forfeits on time} 0-1

[Event "ICC tourney 2668 (40 10)"]
[Site "Internet Chess Club"]
[Date "2021.09.11"]
[Round "2"]
[White "GUAN , TSZ YEUNG:DanielGuan"]
[Black "MAZUMDAR, SHAURYA:raremystery"]
[Result "0-1"]
[ICCResult "White resigns"]
[WhiteElo "1365"]
[BlackElo "1658"]
[Opening "QGD: 4.Bg5 Be7"]
[ECO "D53"]
[NIC "QO.13"]
[Time "13:15:27"]
[TimeControl "2400+10"]

1. d4 d5 2. c4 e6 3. Nc3 Nf6 4. Bg5 Be7 5. e3 h6 6. Bh4 O-O 7. Bd3 b6 8. Nf3
Bb7 9. O-O Re8 10. Rc1 Nbd7 11. cxd5 Nxd5 12. Bxe7 Rxe7 13. e4 Nxc3 14. Rxc3
Nf6 15. Qe2 a5 16. Rd1 Rc8 17. Bb1 Rd7 18. Rcc1 c5 19. dxc5 Rxc5 20. h3 Bxe4
21. Bxe4 Nxe4 22. Kh2 Qc7+ 23. g3 Rxc1 24. Rxc1 Qxc1 25. Qxe4 Qxb2 26. Qa8+
Kh7 27. Qe4+ f5 28. Qe3 Rd1 29. Kg2 Ra1 30. Qxe6 Qb1 31. Ne1 Qxe1 32. Qxf5+
Kg8 33. Qc8+ Kf7 34. Qd7+ Qe7 35. Qf5+ Kg8 36. Qc8+ Kh7 37. Qc2+ g6 38. Qc3
Qe4+ {White resigns} 0-1

[Event "ICC tourney 2668 (40 10)"]
[Site "Internet Chess Club"]
[Date "2021.09.11"]
[Round "2"]
[White "Harmon, James E:pawnninja"]
[Black "Johnson, Yuliya:Yulisriffs"]
[Result "1-0"]
[ICCResult "Black checkmated"]
[WhiteElo "1637"]
[BlackElo "1546"]
[Opening "Ruy Lopez: old Steinitz defense"]
[ECO "C62"]
[NIC "RL.02"]
[Time "13:16:18"]
[TimeControl "2400+10"]

1. e4 e5 2. Nf3 Nc6 3. Bb5 d6 4. d4 Bd7 5. d5 Nce7 6. Nc3 g6 7. Be3 Nf6 8.
Qe2 Bg7 9. Qd2 a6 10. Bxd7+ Qxd7 11. h3 O-O-O 12. b4 Nh5 13. a4 f5 14. a5 f4
15. Ba7 h6 16. O-O g5 17. Nh2 Nf6 18. f3 h5 19. b5 axb5 20. Rfb1 c6 21. a6
g4 22. h4 g3 23. Nf1 Ng4 24. Qe2 Nh2 25. Nxb5 cxb5 26. Rxb5 Nxf3+ 27. gxf3
Qh3 28. Rxb7 Rd7 29. Rb8+ Kc7 30. Qc4+ Nc6 31. Qxc6# {Black checkmated} 1-0

[Event "ICC tourney 2668 (40 10)"]
[Site "Internet Chess Club"]
[Date "2021.09.11"]
[Round "2"]
[White "LATTIMORE, PETER J:AquaVir"]
[Black "SKARIAH, ANUSHKA ELIZABETH:kskariah"]
[Result "1/2-1/2"]
[ICCResult "Game drawn by mutual agreement"]
[WhiteElo "1608"]
[BlackElo "1531"]
[Opening "English opening"]
[ECO "A20"]
[NIC "EO.24"]
[Time "13:15:31"]
[TimeControl "2400+10"]

1. c4 e5 2. g3 Nf6 3. Bg2 Bc5 4. Nc3 d6 5. d3 c6 6. Nf3 O-O 7. a3 a5 8. b3
Be6 9. O-O Nbd7 10. Rb1 d5 11. Bb2 Bd6 12. Qc2 Qe7 13. Ra1 d4 14. Nb1 Rac8
15. Nbd2 h6 16. Nh4 b5 17. Ne4 Nxe4 18. Bxe4 Nf6 19. Bg2 Nd7 20. e4 b4 21.
axb4 Bxb4 22. Nf3 f6 23. Nh4 Bf7 24. Nf5 Qd8 25. Ba3 Nc5 26. Bxb4 axb4 27.
Ra7 Kh8 28. Rfa1 Qb6 29. Nd6 Rc7 30. Ra8 Kg8 31. Bh3 Be6 32. Bxe6+ Nxe6 33.
R1a6 Qc5 34. Rxf8+ Kxf8 35. Ra8+ Ke7 36. Nf5+ Kd7 37. Qe2 Rc8 38. Qa2 Qf8
39. Qa7+ Nc7 40. Rxc8 Kxc8 41. c5 Kd7 42. Qb7 Qxc5 43. Nxg7 Qc3 44. Ne8 Kxe8
45. Qxc7 Qc5 {Game drawn by mutual agreement} 1/2-1/2

[Event "ICC tourney 2668 (40 10)"]
[Site "Internet Chess Club"]
[Date "2021.09.11"]
[Round "2"]
[White "BRUDNO, STEPHEN:StevChess01"]
[Black "Kousen, Kenneth A:kenkousen"]
[Result "0-1"]
[ICCResult "White resigns"]
[WhiteElo "1672"]
[BlackElo "1566"]
[Opening "QGD: exchange, positional line"]
[ECO "D35"]
[NIC "QO.16"]
[Time "13:15:25"]
[TimeControl "2400+10"]

1. d4 d5 2. c4 e6 3. Nc3 Nf6 4. cxd5 exd5 5. Bg5 Be7 6. e3 c6 7. Bd3 O-O 8.
Qc2 h6 9. Bh4 Be6 10. Nge2 Nbd7 11. O-O Re8 12. f3 a6 13. Kh1 c5 14. b3 Rc8
15. Qb2 b5 16. Rac1 Qb6 17. Bb1 c4 18. b4 Ra8 19. a3 a5 20. e4 Nxe4 21. Bxe7
Nxc3 22. Bc5 Nxc5 23. bxc5 Na4 24. Qc2 Qc6 25. Qh7+ Kf8 26. Qh8+ Ke7 27.
Qxg7 Qc7 28. Qg3 Qxg3 29. hxg3 h5 30. Nf4 Rh8 31. Kg1 b4 32. Rfe1 b3 33.
Nxd5+ Kd7 34. Nc3 Nxc3 35. Rxc3 Rag8 36. Kf2 h4 37. g4 h3 38. gxh3 Rxh3 39.
Ree3 Bd5 40. Bf5+ Kc6 41. Kg2 Rgh8 42. a4 Rh2+ 43. Kg3 Rd2 44. Re7 Rxd4 45.
Ra7 Kxc5 46. Rxa5+ Kb4 47. Rxd5 Rxd5 48. Rc1 c3 49. Be4 Rd4 50. Bf5 b2 51.
Rb1 Kb3 52. Kf2 Rxa4 53. Ke3 Ra1 54. Kd4 Rxb1 55. Bxb1 c2 56. Bxc2+ Kxc2 57.
Ke5 b1=Q {White resigns} 0-1

[Event "ICC tourney 2668 (40 10)"]
[Site "Internet Chess Club"]
[Date "2021.09.11"]
[Round "2"]
[White "CAREY, MICHAEL P:xyzchessdude"]
[Black "LIU, ZACHARY HANKUN:K03-17349625"]
[Result "1-0"]
[ICCResult "Black checkmated"]
[WhiteElo "1815"]
[BlackElo "1592"]
[Opening "English opening"]
[ECO "A05"]
[NIC "QP.11"]
[Time "13:15:27"]
[TimeControl "2400+10"]

1. Nf3 Nf6 2. c4 c6 3. Nc3 d5 4. e3 e6 5. b3 Bd6 6. Bb2 O-O 7. d4 Nbd7 8.
Be2 b6 9. O-O Bb7 10. Qc2 c5 11. cxd5 exd5 12. Rfd1 Qe7 13. Rac1 Rac8 14.
Qf5 Rfe8 15. Bb5 c4 16. bxc4 dxc4 17. Ne5 Red8 18. Nxd7 Nxd7 19. Nd5 Bxd5
20. Qxd5 Nf6 21. Qf3 Bb8 22. Bxc4 Bd6 23. Bb3 Rc7 24. Rxc7 Bxc7 25. g3 Bd6
26. Rc1 h6 27. Qf5 Qe8 28. Kg2 Qe7 29. Re1 Bb4 30. Re2 Qb7+ 31. Qf3 Qe7 32.
e4 Nd7 33. e5 Nf8 34. d5 a5 35. Qg4 g6 36. h4 Kh7 37. h5 Qb7 38. hxg6+ Nxg6
39. Qe4 Bf8 40. a3 b5 41. f4 Kg8 42. e6 Bg7 43. Bxg7 Kxg7 44. e7 Re8 45. d6
Qd7 46. Qd5 Nh8 47. Qe5+ Kg8 48. f5 a4 49. Bd5 Kh7 50. Qf6 b4 51. axb4 a3
52. Bxf7 a2 53. Bxa2 Qc6+ 54. Kh2 Qf3 55. Qe5 Qh5+ 56. Kg2 Nf7 57. Bxf7 Qxf7
58. d7 Rg8 59. e8=Q Qg7 60. Qxg7+ Kxg7 61. Re7+ Kf6 62. Re6+ Kg7 63. Rg6+
Kh7 64. Qxg8# {Black checkmated} 1-0

[Event "ICC tourney 2668 (40 10)"]
[Site "Internet Chess Club"]
[Date "2021.09.11"]
[Round "3"]
[White "ZILBERMINTZ, LEV:chessrex"]
[Black "ANDRADE, LUIS:Landrade"]
[Result "1-0"]
[ICCResult "Black resigns"]
[WhiteElo "1723"]
[BlackElo "1066"]
[Opening "Blackmar gambit"]
[ECO "D00"]
[NIC "QP.08"]
[Time "15:30:37"]
[TimeControl "2400+10"]

1. d4 d5 2. e4 dxe4 3. Nc3 Nf6 4. f3 exf3 5. Nxf3 Bg4 6. h3 Bh5 7. g4 Bg6 8.
Ne5 Nbd7 9. Qf3 e6 10. Qxb7 Bb4 11. Nc6 Bxc3+ 12. bxc3 Qc8 13. Ba6 Be4 14.
O-O Qxb7 15. Bxb7 Bxc6 16. Bxc6 Rb8 17. g5 Nd5 18. Ba3 Rb6 19. Bxd7+ Kxd7
20. Rxf7+ Kc8 21. c4 Ne3 22. Bc5 Rc6 23. Rxg7 e5 24. c3 exd4 25. cxd4 Nf5
26. Rf7 Nd6 27. Rf6 Rg8 28. h4 Kd7 29. Bxd6 Rxd6 30. Rxd6+ cxd6 31. Kh2 h6
32. Rg1 hxg5 33. Rxg5 Rh8 34. Kg3 Kc6 35. h5 Kd7 36. Kg4 Ke6 37. Rg6+ Ke7
38. Kg5 Rb8 39. h6 Rb2 40. h7 Rh2 41. Rh6 Rg2+ 42. Kf4 Rf2+ 43. Ke3 Rf8 44.
h8=Q {Black resigns} 1-0

[Event "ICC tourney 2668 (40 10)"]
[Site "Internet Chess Club"]
[Date "2021.09.11"]
[Round "3"]
[White "GOLI, SRIMAN:awakeflood"]
[Black "BARANI, HRUSHIKESAN:Hrushichess"]
[Result "1-0"]
[ICCResult "Black checkmated"]
[WhiteElo "1757"]
[BlackElo "1388"]
[Opening "French: King's Indian attack"]
[ECO "C00"]
[NIC "FR.02"]
[Time "15:30:29"]
[TimeControl "2400+10"]

1. e4 e6 2. d3 d5 3. Nd2 Ne7 4. Ngf3 c5 5. g3 dxe4 6. dxe4 Nbc6 7. Bg2 Ng6
8. O-O Be7 9. c3 O-O 10. h4 Nge5 11. Qc2 b6 12. Nxe5 Nxe5 13. f4 Ng4 14. Nf3
Ba6 15. c4 Qc7 16. Nh2 Nxh2 17. Kxh2 Rad8 18. Be3 Rd7 19. b3 Rfd8 20. Rad1
b5 21. Rxd7 Qxd7 22. cxb5 Bxb5 23. Rc1 h6 24. Bxc5 Rc8 25. b4 a5 26. a3 axb4
27. axb4 Bxc5 28. bxc5 Qd4 29. e5 Bc6 30. Rd1 Qb4 31. Bxc6 Rxc6 32. Rd8#
{Black checkmated}
1-0

[Event "ICC tourney 2668 (40 10)"]
[Site "Internet Chess Club"]
[Date "2021.09.11"]
[Round "3"]
[White "JAMMALAMADAKA, VIHAAN:smashattack"]
[Black "HAMLETT, JAMES MORRISON:Hamlett144"]
[Result "1-0"]
[ICCResult "Black resigns"]
[WhiteElo "1500"]
[BlackElo "1294"]
[Opening "Queen's pawn game"]
[ECO "E20"]
[NIC "QO.17"]
[Time "15:30:34"]
[TimeControl "2400+10"]

1. d4 e6 2. c4 Nf6 3. Nc3 b6 4. e4 Bb4 5. Bd3 Bb7 6. Qc2 d5 7. cxd5 Bxc3+ 8.
bxc3 Qe7 9. Ne2 exd5 10. e5 Ne4 11. O-O Nd7 12. c4 Ng5 13. f4 dxc4 14. Qxc4
Ne6 15. f5 Nd8 16. Bf4 c5 17. Rae1 cxd4 18. Nxd4 Qc5 19. e6 fxe6 20. fxe6
Nf6 21. Qxc5 bxc5 22. Bb5+ {Black resigns} 1-0

[Event "ICC tourney 2668 (40 10)"]
[Site "Internet Chess Club"]
[Date "2021.09.11"]
[Round "3"]
[White "WILLY, STEPHEN:stephenwilly"]
[Black "Doan Giang, Nguyen Doan:Doctorstrange04"]
[Result "1/2-1/2"]
[ICCResult "Game drawn because neither player has mating material"]
[WhiteElo "1639"]
[BlackElo "1750"]
[Opening "Sicilian: Alapin's variation (2.c3)"]
[ECO "B22"]
[NIC "SI.46"]
[Time "15:30:31"]
[TimeControl "2400+10"]

1. e4 c5 2. c3 Nf6 3. e5 Nd5 4. d4 Nc6 5. Nf3 cxd4 6. cxd4 d6 7. Bc4 Nb6 8.
Bb5 dxe5 9. Nxe5 Bd7 10. Nxd7 Qxd7 11. Be3 e6 12. Nc3 Be7 13. O-O O-O 14.
Qf3 Rac8 15. Rad1 Rfd8 16. d5 Nxd5 17. Nxd5 exd5 18. Bxa7 Bf6 19. Bb6 Re8
20. Rxd5 Qe6 21. b3 Ne5 22. Qe4 Qxb6 23. Bxe8 Rxe8 24. Qa4 Nc6 25. h3 h6 26.
Qg4 Qa6 27. Rd6 Bc3 28. Qc4 Qxc4 29. bxc4 Bd4 30. Rb1 Re7 31. Rd1 Bc5 32.
R6d5 b6 33. Kf1 Kh7 34. Rd7 Rxd7 35. Rxd7 Kg6 36. f4 Na5 37. a4 Nxc4 38. Ke2
Kf6 39. Kf3 Ke6 40. Ra7 Na5 41. Ke4 g6 42. g4 Nc6 43. Rc7 Nd8 44. a5 Kd6 45.
axb6 Bxb6 46. Rc1 Ke7 47. Rb1 Ba5 48. Rb5 Bc3 49. f5 gxf5+ 50. gxf5 Bf6 51.
Kd5 Bg5 52. Ke5 Nc6+ 53. Kd5 Nd8 54. Ke5 Bh4 55. Kd5 Kf6 56. Kd6 h5 57. Kd7
Kg7 58. Rb6 Bf6 59. Rb1 Kf8 60. Rb8 Kg7 61. Rb3 h4 62. Rb4 Kh6 63. Rg4 Nb7
64. Ke8 Nd6+ 65. Kf8 Bg5 66. Ra4 f6 67. Ra5 Bf4 68. Ke7 Kg5 69. Ke6 Be5 70.
Ra8 Ne4 71. Rg8+ Kh5 72. Rh8+ Kg5 73. Rg8+ Kf4 74. Rg4+ Kf3 75. Rxh4 Ng5+
76. Kd5 Bg3 77. Rg4 Nxh3 78. Rxg3+ Kxg3 79. Ke6 Kf4 80. Kxf6 Ng5 81. Kg6 Ne4
82. f6 Nxf6 {Game drawn because neither player has mating material} 1/2-1/2

[Event "ICC tourney 2668 (40 10)"]
[Site "Internet Chess Club"]
[Date "2021.09.11"]
[Round "3"]
[White "SULTAN, BASHIR Cisse:muzikmixer"]
[Black "Montanari, Laura:oceana88"]
[Result "0-1"]
[ICCResult "White resigns"]
[WhiteElo "1581"]
[BlackElo "1650"]
[Opening "English: four knights, 4.e3"]
[ECO "A28"]
[NIC "EO.06"]
[Time "15:30:51"]
[TimeControl "2400+10"]

1. c4 e5 2. Nc3 Nf6 3. Nf3 Nc6 4. e3 Be7 5. d4 exd4 6. exd4 Bb4 7. Bd2 O-O
8. Be2 d5 9. cxd5 Nxd5 10. O-O Re8 11. h3 Be6 12. Re1 h6 13. Rc1 Qf6 14. Ne4
Qg6 15. Ng3 Bd6 16. Nh4 Qf6 17. Nf3 Nxd4 18. Nxd4 Qxd4 19. Nf1 Qxb2 20. Bc4
Qf6 21. Bxd5 Bxd5 22. Rxe8+ Rxe8 23. Bc3 Qg5 24. Ng3 {White resigns} 0-1